TOP OF THE 1ST |
Oregon State Beavers batting - Pitching for Wake Forest Demon Deacons : RHP Juan Vázquez
|
Pitching: RHP Juan Vázquez
|
|
Batting: RHB Ben Barker
|
0-0: SINGLE (Line Drive, 56)
|
Batting: LHB Horace Hess
|
0-0: Ball 1-0: Grounds into double play, 4-6-3 (Groundball, 4)
|
Batting: RHB Marty Hendrickson
|
0-0: Ball 1-0: Called Strike 1-1: Called Strike 1-2: Ball 2-2: Reached on error, E5 (Groundball, 5L)
|
Batting: LHB Charlie Dennis
|
0-0: Called Strike 0-1: Called Strike 0-2: Ball 1-2: Ball 2-2: Strikes out swinging
|
Top of the 1st over - 0 run(s), 1 hit(s), 1 error(s), 1 left on base; Oregon State 0 - Wake Forest 0 |
BOTTOM OF THE 1ST |
Wake Forest Demon Deacons batting - Pitching for Oregon State Beavers : LHP Alejandro Alba
|
Pitching: LHP Alejandro Alba
|
|
Batting: LHB Greg Faulkner
|
0-0: Called Strike 0-1: SINGLE (Line Drive, 34D)
|
Batting: LHB Garrett King
|
0-0: Called Strike 0-1: Called Strike 0-2: Foul Ball, location: 2F Pickoff Throw to First - Error! E1 Greg Faulkner to second 0-2: Ball 1-2: Foul Ball, location: 2F 1-2: SINGLE (Groundball, 6M) Greg Faulkner to third
|
Batting: RHB Jesse McKnight
|
0-0: Foul Ball, location: 2F 0-1: Called Strike 0-2: Ball 1-2: Foul Ball, location: 2F 1-2: Foul Ball, location: 2F 1-2: Ball 2-2: Foul Ball, location: 2F 2-2: Fly out, F8 (Flyball, 8LD) Runner from 3rd tags up, SCORES, no throw
|
Batting: RHB Jim Villiers
|
0-0: Called Strike 0-1: Called Strike 0-2: Ball 1-2: Strikes out swinging
|
Batting: RHB Lou O'Higgins
|
0-0: Foul Ball, location: 2F 0-1: Swinging Strike 0-2: Fly out, F3 (Popup, 3DF)
|
Bottom of the 1st over - 1 run(s), 2 hit(s), 1 error(s), 1 left on base; Oregon State 0 - Wake Forest 1 |
TOP OF THE 2ND |
Oregon State Beavers batting - Pitching for Wake Forest Demon Deacons : RHP Juan Vázquez
|
Batting: RHB Tom Hughes
|
0-0: Foul Ball, location: 2F 0-1: Foul Ball, location: 2F 0-2: Foul Ball, location: 2F 0-2: Ball 1-2: Ball 2-2: Fly out, F6 (Popup, 5)
|
Batting: RHB Jorge Costa
|
0-0: Ball 1-0: Swinging Strike 1-1: Swinging Strike 1-2: Fly out, F7 (Flyball, 78M)
|
Batting: RHB Abraham Hardy
|
0-0: Called Strike 0-1: Ball 1-1: Swinging Strike 1-2: Ball 2-2: Ground out 5-3 (Groundball, 56)
|
Top of the 2nd over - 0 run(s), 0 hit(s), 0 error(s), 0 left on base; Oregon State 0 - Wake Forest 1 |
BOTTOM OF THE 2ND |
Wake Forest Demon Deacons batting - Pitching for Oregon State Beavers : LHP Alejandro Alba
|
Batting: SHB Guillermo Leal
|
0-0: Ball 1-0: DOUBLE (Line Drive, 9LM)
|
Batting: SHB Terry Dailey
|
0-0: Foul Ball, location: 2F 0-1: Ball 1-1: Called Strike 1-2: Fly out, F9 (Flyball, 9M)
|
Batting: LHB Ken Smith
|
0-0: Ball 1-0: Ball 2-0: Ball 3-0: Called Strike 3-1: Swinging Strike 3-2: Fly out, F6 (Line Drive, 6D)
|
Batting: RHB Ramón Sheppard
|
0-0: Ground out 6-3 (Groundball, 6)
|
Bottom of the 2nd over - 0 run(s), 1 hit(s), 0 error(s), 1 left on base; Oregon State 0 - Wake Forest 1 |
TOP OF THE 3RD |
Oregon State Beavers batting - Pitching for Wake Forest Demon Deacons : RHP Juan Vázquez
|
Batting: SHB Gerald Young
|
0-0: Ball 1-0: Ball 2-0: Ball 3-0: Called Strike 3-1: Base on Balls
|
Batting: LHB Ken Ramsey
|
0-0: Ball 1-0: Called Strike 1-1: Foul Ball, location: 2F 1-2: Foul Ball, location: 2F 1-2: Ball 2-2: Strikes out swinging
|
Batting: RHB Ben Barker
|
0-0: Ball 1-0: Called Strike 1-1: Ball 2-1: Called Strike Gerald Young is caught stealing 2nd base 2-2: Foul Ball, location: 2F 2-2: DOUBLE (Groundball, 5L)
|
Batting: LHB Horace Hess
|
0-0: Ball 1-0: Ball 2-0: SINGLE (Line Drive, 7S) Ben Barker to third Runner from 3rd tries for Home, SAFE, no throw or cutoff
|
Batting: RHB Marty Hendrickson
|
0-0: Ball 1-0: Ball 2-0: Called Strike 2-1: Ball 3-1: DOUBLE (Line Drive, 7LS) Horace Hess to third
|
Batting: LHB Charlie Dennis
|
0-0: Ball 1-0: Called Strike 1-1: Foul Ball, location: 2F 1-2: Strikes out swinging
|
Top of the 3rd over - 1 run(s), 3 hit(s), 0 error(s), 2 left on base; Oregon State 1 - Wake Forest 1 |
BOTTOM OF THE 3RD |
Wake Forest Demon Deacons batting - Pitching for Oregon State Beavers : LHP Alejandro Alba
|
Batting: LHB Greg Faulkner
|
0-0: Called Strike 0-1: Foul Ball, location: 2F 0-2: SINGLE (Line Drive, 56D)
|
Batting: LHB Garrett King
|
0-0: Ball 1-0: Foul Ball, location: 2F 1-1: Swinging Strike 1-2: Ball 2-2: Strikes out looking
|
Batting: RHB Jesse McKnight
|
0-0: Ball 1-0: Called Strike 1-1: Fly out, F4 (Popup, 89S)
|
Batting: RHB Jim Villiers
|
0-0: Ball 1-0: Ball 2-0: Foul Ball, location: 2F 2-1: Ball 3-1: Called Strike 3-2: Strikes out swinging
|
Bottom of the 3rd over - 0 run(s), 1 hit(s), 0 error(s), 1 left on base; Oregon State 1 - Wake Forest 1 |
TOP OF THE 4TH |
Oregon State Beavers batting - Pitching for Wake Forest Demon Deacons : RHP Juan Vázquez
|
Batting: RHB Tom Hughes
|
0-0: Ball 1-0: Ball 2-0: Foul Ball, location: 2F 2-1: Swinging Strike 2-2: DOUBLE (Line Drive, 9LS)
|
Batting: RHB Jorge Costa
|
0-0: Ground out 6-3 (Groundball, 56)
|
Batting: RHB Abraham Hardy
|
0-0: Ball 1-0: Foul Ball, location: 2F 1-1: Ball 2-1: Foul Ball, location: 2F 2-2: Foul Ball, location: 2F 2-2: Ground out 6-3 (Groundball, 6M) Tom Hughes to third
|
Batting: SHB Gerald Young
|
0-0: Ball 1-0: Foul Ball, location: 2F 1-1: Swinging Strike 1-2: Ball 2-2: Foul Ball, location: 2F 2-2: Strikes out looking
|
Top of the 4th over - 0 run(s), 1 hit(s), 0 error(s), 1 left on base; Oregon State 1 - Wake Forest 1 |
BOTTOM OF THE 4TH |
Wake Forest Demon Deacons batting - Pitching for Oregon State Beavers : LHP Alejandro Alba
|
Batting: RHB Lou O'Higgins
|
0-0: Foul Ball, location: 2F 0-1: Called Strike 0-2: Ball 1-2: Strikes out swinging
|
Batting: SHB Guillermo Leal
|
0-0: Swinging Strike 0-1: Ball 1-1: Ball 2-1: Foul Ball, location: 2F 2-2: Strikes out swinging
|
Batting: SHB Terry Dailey
|
0-0: Ball 1-0: Ball 2-0: Ball 3-0: Called Strike 3-1: Swinging Strike 3-2: SOLO HOME RUN (Flyball, 7D), Distance : 367 ft
|
Batting: LHB Ken Smith
|
0-0: Swinging Strike 0-1: Ball 1-1: Ball 2-1: Ground out 3-1 (Groundball, 34)
|
Bottom of the 4th over - 1 run(s), 1 hit(s), 0 error(s), 0 left on base; Oregon State 1 - Wake Forest 2 |
TOP OF THE 5TH |
Oregon State Beavers batting - Pitching for Wake Forest Demon Deacons : RHP Juan Vázquez
|
Batting: LHB Ken Ramsey
|
0-0: Called Strike 0-1: SINGLE (Line Drive, 4M)
|
Batting: RHB Ben Barker
|
0-0: Ball 1-0: Foul Ball, location: 2F 1-1: Ball 2-1: Called Strike 2-2: SINGLE (Groundball, 56D) Ken Ramsey to second
|
Pitching: RHP Jorge Flores
|
|
Batting: LHB Horace Hess
|
0-0: Ball 1-0: Ball 2-0: Ball 3-0: Base on Balls Ken Ramsey to third Ben Barker to second
|
Batting: RHB Marty Hendrickson
|
0-0: Ball 1-0: Swinging Strike 1-1: Foul Ball, location: 2F 1-2: Ball 2-2: Grounds into double play, 6-4-3 (Groundball, 6) Ken Ramsey scores Ben Barker to third
|
Batting: LHB Charlie Dennis
|
0-0: Swinging Strike 0-1: Ball 1-1: Foul Ball, location: 2F 1-2: Fly out, F7 (Flyball, 7S)
|
Top of the 5th over - 1 run(s), 2 hit(s), 0 error(s), 1 left on base; Oregon State 2 - Wake Forest 2 |
BOTTOM OF THE 5TH |
Wake Forest Demon Deacons batting - Pitching for Oregon State Beavers : LHP Alejandro Alba
|
Batting: RHB Ramón Sheppard
|
0-0: Ground out 6-3 (Groundball, 6)
|
Batting: LHB Greg Faulkner
|
0-0: Called Strike 0-1: Ball 1-1: Foul Ball, location: 2F 1-2: Strikes out swinging
|
Batting: LHB Garrett King
|
0-0: Ball 1-0: Ground out 4-3 (Groundball, 4)
|
Bottom of the 5th over - 0 run(s), 0 hit(s), 0 error(s), 0 left on base; Oregon State 2 - Wake Forest 2 |
TOP OF THE 6TH |
Oregon State Beavers batting - Pitching for Wake Forest Demon Deacons : RHP Jorge Flores
|
Batting: RHB Tom Hughes
|
0-0: SINGLE (Groundball, 56D)
|
Batting: RHB Jorge Costa
|
0-0: Ball 1-0: Ball 2-0: Called Strike 2-1: Ball 3-1: Base on Balls Tom Hughes to second
|
Batting: RHB Abraham Hardy
|
0-0: Reached on error, E6 (Groundball, 6) Tom Hughes to third Jorge Costa to second
|
Batting: SHB Gerald Young
|
0-0: Ball 1-0: Called Strike 1-1: Foul Ball, location: 2F 1-2: Foul Ball, location: 2F 1-2: Ball 2-2: Strikes out swinging
|
Batting: LHB Ken Ramsey
|
0-0: Ball 1-0: DOUBLE (Line Drive, 3D) Tom Hughes scores Jorge Costa scores Abraham Hardy to third
|
Batting: RHB Ben Barker
|
0-0: Ball 1-0: Foul Ball, location: 2F 1-1: Ground out 5-3 (Groundball, 5)
|
Batting: LHB Horace Hess
|
0-0: Fly out, F1 (Line Drive, 13)
|
Top of the 6th over - 2 run(s), 2 hit(s), 1 error(s), 2 left on base; Oregon State 4 - Wake Forest 2 |
BOTTOM OF THE 6TH |
Wake Forest Demon Deacons batting - Pitching for Oregon State Beavers : LHP Alejandro Alba
|
Batting: RHB Jesse McKnight
|
0-0: Called Strike 0-1: Foul Ball, location: 2F 0-2: Ball 1-2: Foul Ball, location: 2F 1-2: Ball 2-2: Foul Ball, location: 2F 2-2: Ground out 4-3 (Groundball, 4)
|
Pitching: LHP Robby Vandeveer
|
|
Batting: RHB Jim Villiers
|
0-0: Ball 1-0: Foul Ball, location: 2F 1-1: Fly out, F9 (Flyball, 9M)
|
Batting: RHB Lou O'Higgins
|
0-0: Called Strike 0-1: DOUBLE (Groundball, 5L)
|
Batting: SHB Guillermo Leal
|
0-0: Called Strike 0-1: Ball 1-1: Ball 2-1: Foul Ball, location: 2F 2-2: Strikes out swinging
|
Bottom of the 6th over - 0 run(s), 1 hit(s), 0 error(s), 1 left on base; Oregon State 4 - Wake Forest 2 |
TOP OF THE 7TH |
Oregon State Beavers batting - Pitching for Wake Forest Demon Deacons : RHP Jorge Flores
|
Pitching: RHP Gary Gibson
|
|
Batting: RHB Marty Hendrickson
|
0-0: Ball 1-0: Ground out 6-3 (Groundball, 56)
|
Batting: LHB Charlie Dennis
|
0-0: Called Strike 0-1: Swinging Strike 0-2: Ball 1-2: Ball 2-2: Foul Ball, location: 2F 2-2: Strikes out swinging
|
Batting: RHB Tom Hughes
|
0-0: Ball 1-0: Called Strike 1-1: Foul Ball, location: 2F 1-2: Fly out, F7 (Flyball, 78M)
|
Top of the 7th over - 0 run(s), 0 hit(s), 0 error(s), 0 left on base; Oregon State 4 - Wake Forest 2 |
BOTTOM OF THE 7TH |
Wake Forest Demon Deacons batting - Pitching for Oregon State Beavers : LHP Robby Vandeveer
|
Batting: SHB Terry Dailey
|
0-0: Ball 1-0: Foul Ball, location: 2F 1-1: Ball 2-1: Foul Ball, location: 2F 2-2: Strikes out swinging
|
Batting: LHB Ken Smith
|
0-0: Ball 1-0: Swinging Strike 1-1: SINGLE (Line Drive, 89M)
|
Batting: RHB Ramón Sheppard
|
0-0: Ball 1-0: Foul Ball, location: 2F 1-1: Ball 2-1: Foul Ball, location: 2F 2-2: Foul Ball, location: 2F 2-2: Foul Ball, location: 2F 2-2: SINGLE (Line Drive, 56D) Ken Smith to second
|
Batting: LHB Greg Faulkner
|
0-0: Fly out, F7 (Flyball, 7S)
|
Batting: LHB Garrett King
|
0-0: Ball 1-0: Swinging Strike 1-1: Swinging Strike 1-2: Foul Ball, location: 2F 1-2: Foul Ball, location: 2F 1-2: Ball 2-2: Foul Ball, location: 2F 2-2: Ball 3-2: Strikes out swinging
|
Bottom of the 7th over - 0 run(s), 2 hit(s), 0 error(s), 2 left on base; Oregon State 4 - Wake Forest 2 |
TOP OF THE 8TH |
Oregon State Beavers batting - Pitching for Wake Forest Demon Deacons : RHP Gary Gibson
|
Batting: RHB Jorge Costa
|
0-0: Ball 1-0: Ball 2-0: Swinging Strike 2-1: SINGLE (Line Drive, 78S)
|
Batting: RHB Abraham Hardy
|
0-0: Called Strike 0-1: Sac Bunt - play at first, batter safe! Jorge Costa to second
|
Batting: SHB Gerald Young
|
0-0: Sac Bunt - play at third, runner OUT! 1-5 Abraham Hardy to second
|
Batting: LHB Ken Ramsey
|
0-0: Called Strike 0-1: Ball 1-1: Ball 2-1: Foul Ball, location: 2F 2-2: Ball 3-2: Foul Ball, location: 2F 3-2: Foul Ball, location: 2F 3-2: Foul Ball, location: 2F 3-2: Base on Balls Abraham Hardy to third Gerald Young to second
|
Pinch Hitting: RHB Elvis Hendrix
|
0-0: Ball 1-0: Called Strike 1-1: Ball 2-1: Ball 3-1: Called Strike 3-2: GRAND SLAM HOME RUN (Line Drive, 7D), Distance : 356 ft
|
Pitching: LHP Matthew Mathews
|
|
Batting: LHB Horace Hess
|
0-0: Called Strike 0-1: Ball 1-1: Swinging Strike 1-2: SINGLE (Groundball, 34)
|
Batting: RHB Marty Hendrickson
|
0-0: SINGLE (Line Drive, 7S) Horace Hess to second
|
Batting: LHB Charlie Dennis
|
0-0: Called Strike 0-1: Fly out, F9 (Flyball, 89M)
|
Batting: RHB Tom Hughes
|
0-0: Called Strike 0-1: Ball 1-1: 3-RUN HOME RUN (Flyball, 7D), Distance : 352 ft
|
Batting: RHB Jorge Costa
|
0-0: Ball 1-0: Ball 2-0: SOLO HOME RUN (Line Drive, 7LD), Distance : 332 ft
|
Batting: RHB Abraham Hardy
|
0-0: Swinging Strike 0-1: Called Strike 0-2: Ball 1-2: Strikes out swinging
|
Top of the 8th over - 8 run(s), 7 hit(s), 0 error(s), 0 left on base; Oregon State 12 - Wake Forest 2 |
BOTTOM OF THE 8TH |
Wake Forest Demon Deacons batting - Pitching for Oregon State Beavers : LHP Robby Vandeveer
|
Now in CF: Bob Johnson
|
|
Batting: RHB Jesse McKnight
|
0-0: Swinging Strike 0-1: Ball 1-1: Ball 2-1: Foul Ball, location: 2F 2-2: Foul Ball, location: 2F 2-2: Foul Ball, location: 2F 2-2: Ball 3-2: Strikes out looking
|
Pitching: RHP Chandler Haney
|
|
Batting: RHB Jim Villiers
|
0-0: Ball 1-0: Ball 2-0: Called Strike 2-1: Ground out 6-3 (Groundball, 6MS)
|
Batting: RHB Lou O'Higgins
|
0-0: Ball 1-0: Foul Ball, location: 2F 1-1: Called Strike 1-2: Ball 2-2: Foul Ball, location: 2F 2-2: Foul Ball, location: 2F 2-2: Strikes out looking
|
Bottom of the 8th over - 0 run(s), 0 hit(s), 0 error(s), 0 left on base; Oregon State 12 - Wake Forest 2 |
TOP OF THE 9TH |
Oregon State Beavers batting - Pitching for Wake Forest Demon Deacons : LHP Matthew Mathews
|
Batting: SHB Gerald Young
|
0-0: Called Strike 0-1: Swinging Strike 0-2: Ball 1-2: Strikes out looking
|
Batting: LHB Ken Ramsey
|
0-0: Called Strike 0-1: Ball 1-1: Ground out 1-3 (Groundball, 13S)
|
Batting: LHB Bob Johnson
|
0-0: Called Strike 0-1: Called Strike 0-2: SINGLE (Groundball, 56D)
|
Batting: LHB Horace Hess
|
0-0: Ball 1-0: Called Strike 1-1: Ball Wild Pitch! Bob Johnson to second 2-1: Ball 3-1: Base on Balls
|
Batting: RHB Marty Hendrickson
|
0-0: SINGLE (Line Drive, 4MD) Bob Johnson to third Horace Hess to second Runner from 3rd tries for Home, SAFE, no throw or cutoff
|
Pitching: RHP Terry Hall
|
|
Batting: LHB Charlie Dennis
|
0-0: Ball 1-0: Foul Ball, location: 2F 1-1: Foul Ball, location: 2F 1-2: Ball 2-2: Strikes out swinging
|
Top of the 9th over - 1 run(s), 2 hit(s), 0 error(s), 2 left on base; Oregon State 13 - Wake Forest 2 |
BOTTOM OF THE 9TH |
Wake Forest Demon Deacons batting - Pitching for Oregon State Beavers : RHP Chandler Haney
|
Batting: SHB Guillermo Leal
|
0-0: Called Strike 0-1: Ball 1-1: Ground out 2-3 (Groundball, 2R)
|
Batting: SHB Terry Dailey
|
0-0: Foul Ball, location: 2F 0-1: Foul Ball, location: 2F 0-2: Hit by Pitch
|
Batting: LHB Ken Smith
|
0-0: Called Strike 0-1: Ball 1-1: Foul Ball, location: 2F 1-2: Foul Ball, location: 2F 1-2: Ball 2-2: Strikes out swinging
|
Batting: RHB Ramón Sheppard
|
0-0: Fly out, F6 (Popup, 5D)
|
Bottom of the 9th over - 0 run(s), 0 hit(s), 0 error(s), 1 left on base; Oregon State 13 - Wake Forest 2 |
|